 Dungeon Crawl Stone Soup version 0.29.0-3-gbb0933ed62 (webtiles) character file.

Game seed: 16343193586603755117

41 Lutefisk the Caller (level 3, -3/16 HPs)
             Began as a Felid Summoner on Aug 26, 2022.
             Killed from afar by Terence (19 damage)
             ... with a bolt of light
             ... on level 3 of the Dungeon.
             The game lasted 00:05:21 (829 turns).

Lutefisk the Caller (Felid Summoner)                 Turns: 829, Time: 00:05:21

Health: -3/16      AC:  1    Str:  4    XL:     3   Next: 32%
Magic:  7/7        EV: 17    Int: 16    God:
Gold:   151        SH:  0    Dex: 18    Spells: 3/6 levels left
                                        Lives:  0   Deaths: 0

rFire   + . .      SeeInvis +     - Unarmed
rCold   . . .      Faith    .   (shield unavailable)
rNeg    . . .      Spirit   .   (body armour unavailable)
rPois   .          Reflect  .   (helmet unavailable)
rElec   .          Harm     .   (cloak unavailable)
rCorr   .          Rampage  .   (gloves unavailable)
Will    .....                   (boots unavailable)
Stlth   ++........              i - amulet of regeneration
HPRegen 0.85/turn               f - ring of protection from fire
MPRegen 0.10/turn               (no ring)

@: quick
A: very small, claws 1, fangs 3, see invisible, speed 1, shaggy fur 1, stealthy
paws, no weapons or thrown items, no armour, multi-lived
a: no special abilities


You were on level 3 of the Dungeon.
You visited 1 branch of the dungeon, and saw 3 of its levels.

You collected 151 gold pieces.

Inventory:

Jewellery
 f - a ring of protection from fire (left paw)
 i - an amulet of regeneration (around neck)
Scrolls
 d - a scroll of enchant weapon {unknown}
 h - a scroll of magic mapping {unknown}
 j - a scroll of fog {unknown}
Potions
 a - a potion of magic
 b - a potion of brilliance {unknown}
 c - 3 potions of lignification {unknown}
 e - a potion of degeneration {unknown}
 g - a potion of resistance {unknown}


   Skills:
 * Level 2.6 Fighting
 - Level 2.6 Dodging
 - Level 3.0 Stealth
 - Level 1.0 Unarmed Combat
 - Level 2.0 Spellcasting
 - Level 4.0 Summonings


You had 3 spell levels left.
You knew the following spells:

 Your Spells              Type           Power      Damage    Failure   Level
a - Summon Small Mammal   Summ           56%        N/A       4%          1
b - Call Imp              Summ           14%        N/A       6%          2

Your spell library contained the following spells:

 Spells                   Type           Power      Damage    Failure   Level
 Call Canine Familiar     Summ           14%        N/A       12%         3
 Summon Guardian Golem    Hex/Summ       8%         N/A       26%         3
 Summon Lightning Spire   Summ/Air       8%         N/A       65%         4


Dungeon Overview and Level Annotations

Branches:
Dungeon (3/15)

Altars:

Annotations:
D:3 Terence


Innate Abilities, Weirdness & Mutations

You have sharp claws.
You have razor-sharp teeth.
You have supernaturally acute eyesight. (SInv)
You cover ground quickly. (Speed+)
You are covered in fur. (AC +1)
Your paws help you pounce on unaware monsters.
You are incapable of wielding weapons or throwing items.
You cannot wear armour.
You gain extra lives every three experience levels.


Message History

You continue putting on your amulet of regeneration. x3
Your crimson imp blinks!
You continue putting on your amulet of regeneration. x2
You finish putting on your amulet of regeneration.
The amulet throbs as it attunes itself to your uninjured body.
i - an amulet of regeneration (around neck)
You swap places.
A goblin comes into view. It is wielding a +0 club.
The goblin shouts!
The goblin unwields a +0 club.
The goblin wields a +0 sling.
The goblin shoots a sling bullet.
The sling bullet misses you.
Your crimson imp disappears in a puff of smoke!
The goblin shoots a sling bullet.
The sling bullet misses you.
The goblin shoots a sling bullet.
The sling bullet misses you.
The goblin shoots a sling bullet.
The sling bullet closely misses you.
You closely miss the goblin.
The goblin unwields a +0 sling.
The goblin wields a +0 club.
The goblin misses you.
You scratch the goblin. Your bite misses the goblin.
The goblin is heavily wounded.
The goblin hits you with a +0 club.
You closely miss the goblin.
The goblin is heavily wounded.
The goblin hits you with a +0 club.
You scratch the goblin. You bite the goblin.
You kill the goblin!
Found a robe.
Things that are here:
a +0 club; a +0 sling
Found a scroll labelled HIYSEZ CUISU.
j - a scroll labelled HIYSEZ CUISU
There is a stone staircase leading up here.
There is a stone staircase leading down here.
You climb downwards.
Found 12 gold pieces.
Found a stone staircase leading down.
There is a stone staircase leading up here.
Terence shouts!
Terence shouts, "ATTACK!!!"
Terence zaps a wand.
The bolt of light hits you!!
Ouch! That really hurt!
You die...

## #####.
......#
...$...##
........#
..>@...@#
........#
........#
........#
.......##
......#
.#####


You could see Terence.

Vanquished Creatures
  2 ball pythons
  2 bats (D:1)
  2 endoplasms (D:1)
  2 goblins
8 creatures vanquished.

Vanquished Creatures (collateral kills)
  An adder (D:2)
  A dart slug (D:1)
  2 endoplasms
  3 giant cockroaches (D:1)
  A goblin (D:1)
  2 hobgoblins
  2 ball pythons
  A frilled lizard (D:1)
  3 kobolds
16 creatures vanquished.

Vanquished Creatures (others)
  A dart slug (D:2)
1 creature vanquished.

Grand Total: 25 creatures vanquished

Notes
Turn   | Place    | Note
-------+----------+-------------------------------------------
     0 | D:1      | Lutefisk the Felid Summoner began the quest for the Orb.
     0 | D:1      | Reached XP level 1. HP: 7/7 MP: 4/4
   195 | D:1      | Reached skill level 1 in Fighting
   195 | D:1      | Reached skill level 1 in Unarmed Combat
   216 | D:1      | Reached XP level 2. HP: 12/12 MP: 6/6
   498 | D:2      | Learned a level 2 spell: Call Imp
   601 | D:2      | Reached XP level 3. HP: 16/16 MP: 5/7
   828 | D:3      | Noticed Terence
   829 | D:3      | Killed from afar by Terence

Illustrated notes

Levels and vault maps discovered:
D:1:      dpeg_cavernosity, layout_rooms, minivault_23
D:2:      cheibrodos_old_hovel, layout_loops_ring
D:3:      layout_rooms, basic_ecumenical_altar, uniq_natasha, uniq_terence

Skill      XL: |  1  2 |
---------------+-------+-----
Fighting       | 1 2 |  2.6
Unarmed Combat | 1 |  1.0
Stealth        | 3 |  3.0
Dodging        | |  2.6
Spellcasting   | |  2.0
Summonings     | |  4.0

Action                   || total
-------------------------++-------
Melee: Unarmed           ||    23
       Bite              ||     3
 Cast: Summon Small Mamm ||    16
       Call Imp          ||     3
 Stab: Sleeping          ||     5
Dodge: Dodged            ||    17
